 Dungeon Crawl Stone Soup version 0.30-a0-557-ge2afbf3030 (webtiles) character file.

Game seed: 16962911770147886829

123 Newt the Trooper (level 4, 0/37 HPs)
             Began as a Demonspawn Gladiator on Dec 27, 2022.
             Slain by an orc
             ... wielding a +0 short sword
              (3 damage)
             ... on level 3 of the Dungeon.
             The game lasted 00:02:03 (2368 turns).

Newt the Trooper (Demonspawn Gladiator)             Turns: 2368, Time: 00:02:04

Health: 0/37       AC:  4    Str: 16    XL:     4   Next: 80%
Magic:  4/4        EV: 12    Int: 10    God:
Gold:   147        SH:  0    Dex: 14    Spells: 3/3 levels left

rFire   . . .      SeeInvis .    e - +3 dagger (venom)
rCold   . . .      Faith    .    (no shield)
rNeg    . . .      Spirit   .    b - +0 leather armour
rPois   .          Reflect  .    c - +0 helmet
rElec   .          Harm     .    (no cloak)
rCorr   .          Rampage  .    (no gloves)
Will    .....                    (no boots)
Stlth   ++                       (no amulet)
HPRegen 0.26/turn                (no ring)
MPRegen 0.09/turn                (no ring)

@: no status effects
A: demonic magic 1
a: no special abilities


You were on level 3 of the Dungeon.
You visited 1 branch of the dungeon, and saw 3 of its levels.

You collected 147 gold pieces.

Inventory:

Hand Weapons
 a - a +0 rapier
 e - a +3 dagger of venom (weapon)
Missiles
 d - 3 throwing nets (quivered)
 f - a javelin
Armour
 b - a +0 leather armour (worn)
 c - a +0 helmet (worn)
 k - an orb of mayhem
Jewellery
 g - a ring of fire
Scrolls
 h - a scroll of amnesia
Potions
 i - a potion of magic {unknown}
 j - a potion of lignification {unknown}
 l - a potion of brilliance {unknown}


   Skills:
 + Level 3.9 Fighting
 - Level 2.6 Short Blades
 - Level 1.7 Throwing
 - Level 2.6 Dodging
 - Level 3.0 Stealth


You had 3 spell levels left.
You didn't know any spells.
Your spell library contained the following spells:

 Spells                   Type           Power      Damage    Failure   Level
 Magic Dart               Conj           0%         1d3       43%         1
 Cigotuvi's Dreadful Rot  Necr/Pois/Air  0%         N/A       56%         2
 Poisonous Vapours        Pois/Air       0%         N/A       56%         2
 Searing Ray              Conj           0%         2d4       56%         2
 Mephitic Cloud           Conj/Pois/Air  0%         N/A       80%         3
 Ozocubu's Armour         Ice            0%         N/A       80%         3
 Portal Projectile        Hex/Tloc       0%         N/A       80%         3
 Tukima's Dance           Hex            0%         N/A       80%         3
 Fulminant Prism          Conj/Hex       0%         3d5       99%         4
 Blade Hands              Tmut           0%         N/A       100%        5
 Ozocubu's Refrigeration  Ice            0%         4d7       100%        7


Dungeon Overview and Level Annotations

Branches:
Dungeon (3/15)

Altars:

Shops:
D:2 :


Innate Abilities, Weirdness & Mutations

Spells you cast may paralyse adjacent enemies.


Message History

The orc wizard looks as sick as possible!
The orc wizard is almost dead.
The orc hits you with a +0 short sword.
The orc wizard points at you and mumbles some strange words.
The magic dart hits you.
You hit the orc wizard.
You kill the orc wizard!
You hit the orc but do no damage. The orc closely misses you.
The orc hits you with a +0 morningstar!
There are monsters nearby!
There are monsters nearby!
You are too injured to fight recklessly!
Unknown command.
You hit the orc.
The orc is moderately wounded.
You hit the orc.
The orc is severely wounded.
The orc completely misses you. The orc barely misses you.
You hit the orc but do no damage.
The orc is poisoned.
The orc is moderately wounded.
The orc barely misses you. The orc hits you with a +0 morningstar.
* * * LOW HITPOINT WARNING * * *
You hit the orc but do no damage.
The orc is heavily wounded.
The orc hits you with a +0 short sword.
* * * LOW HITPOINT WARNING * * *
The orc hits you with a +0 morningstar.
* * * LOW HITPOINT WARNING * * *
Unknown command.
You hit the orc but do no damage.
The orc is heavily wounded.
The orc hits you with a +0 short sword.
* * * LOW HITPOINT WARNING * * *
The orc hits you but does no damage.
Unknown command.
Okay, then.
You hit the orc but do no damage.
The orc looks even sicker.
The orc is heavily wounded.
The orc barely misses you. The orc hits you with a +0 short sword.
You die...

########### ### ..
.........# ###.#..
.........# ##...#.
....... ...... ......
.....# ###### #...#
.....###<...# #o).#
......##....####@o#
.......#....##....#
.....#......##.##[###
##...##.....#.........
#.....................
.....###...............
...#.#.................
#).#.#.................
#..#.#...............B


You could see 2 orcs.

Vanquished Creatures
  An orc wizard (D:3)
  Robin (D:2)
  An adder (D:2)
  3 worms
  A dart slug (D:2)
  An orc (D:3)
  5 ball pythons
  6 bats (D:1)
  3 endoplasms
  14 goblins
  7 hobgoblins
  4 jackals (D:1)
  2 quokkas (D:1)
  2 frilled lizards (D:1)
  7 kobolds
  4 rats
62 creatures vanquished.

Notes
Turn   | Place    | Note
-------+----------+-------------------------------------------
     0 | D:1      | Newt the Demonspawn Gladiator began the quest for the Orb.
     0 | D:1      | Reached XP level 1. HP: 16/16 MP: 1/1
    68 | D:1      | Reached skill level 1 in Stealth
   253 | D:1      | Gained mutation: Spells you cast may paralyse adjacent
                  | enemies. [demonic ancestry]
   253 | D:1      | Reached XP level 2. HP: 22/22 MP: 2/2
   915 | D:1      | Found a faded altar of an unknown god.
   965 | D:1      | Reached XP level 3. HP: 23/27 MP: 3/3
  1168 | D:2      | Found Ugakkit's Book Boutique.
  1169 | D:2      | Noticed Robin
  1213 | D:2      | Killed Robin
  1779 | D:2      | Reached XP level 4. HP: 34/34 MP: 4/4
  2368 | D:3      | Slain by an orc

Illustrated notes

Levels and vault maps discovered:
D:1:      giann_horns, layout_basic, shapermc_ecumenical_altar_pompeii,
          minmay_pentomino_q2
D:2:      layout_loops_ring, serial_shops, shop, grunt_ministairs_13, uniq_robin
D:3:      layout_rooms

Skill      XL: |  1  2  3  4 |
---------------+-------------+-----
Stealth        | 1 2 3 |  3.0
Fighting       | 3 |  3.9
Short Blades   | |  2.6
Throwing       | |  1.7
Dodging        | |  2.6

Action                   |  1- 3 |  4- 6 || total
-------------------------+-------+-------++-------
Melee: Rapier            |   132 |       ||   132
       Dagger            |    26 |    45 ||    71
       Punch             |     1 |       ||     1
Throw: Javelin           |     2 |       ||     2
       Throwing net      |     1 |       ||     1
  Use: Scroll            |     3 |     1 ||     4
 Stab: Sleeping          |     5 |     2 ||     7
Armor: Leather armour    |    79 |     2 ||    81
Dodge: Dodged            |   165 |    24 ||   189

Table legend: (Time is in decaauts)
 A = Elapsed time spent in this place.
 B = Non-inter-level travel time spent in this place.
 C = Inter-level travel time spent in this place.
 D = Time resting spent in this place.
 E = Time spent auto-exploring this place.
 F = Levels seen in this place.
 G = Mean time per level.
                   A        B        C        D        E       F      G
               +--------+--------+--------+--------+--------+-----+--------+
         Total |   2368 |   2296 |     72 |    549 |   1296 |   3 |  789.3 |
       Dungeon |   2368 |   2296 |     72 |    549 |   1296 |   3 |  789.3 |
               +--------+--------+--------+--------+--------+-----+--------+

Top non-repeatable levels by time:
     D:1: 1143 daAuts
     D:2: 1102 daAuts
     D:3: 122 daAuts
